 Dungeon Crawl Stone Soup version 0.20-a0-513-g02c11fc (webtiles) character file.

11052 AlphabetPasta the Basher (level 11, -3/107 HPs)
             Began as a Troll Berserker on Jan 22, 2017.
             Was a High Priest of Trog.
             Slain by Snorg (7 damage)
             ... on level 11 of the Dungeon.
             The game lasted 00:55:43 (10751 turns).

AlphabetPasta the Basher (Troll Berserker)         Turns: 10751, Time: 00:55:43

Health: -3/107     AC: 20    Str: 31    XL:     11   Next: 44%
Magic:  13/13      EV:  5    Int:  4    God:    Trog [*****.]
Gold:   546        SH:  0    Dex: 11    Spells: 10/10 levels left

rFire    + . .     SeeInvis .   l - +2 giant club
rCold    + . .     Gourm    +   M - +1 gold dragon scales of Dooss {-Tele rPois rF+ rC+ Regen+ Str+2}
rNeg     . . .     Faith    .   (shield currently unavailable)
rPois    +         Spirit   .   i - +1 hat
rElec    .         Reflect  .   e - +0 cloak
rCorr    .         Harm     .   (gloves unavailable)
MR       ++...     NoTele   +   (boots unavailable)
Stlth    ..........             H - amulet of regeneration
Regen    1.5/turn               d - ring of loudness (curse)
                                o - ring of protection from magic

@: exhausted, very slightly contaminated, hasted and slowed
A: unfitting armour, claws 3, agile 1, fast metabolism 3, gourmand, magic
resistance 1, regeneration 1, shaggy fur 1, tough skin 2
a: Berserk, Trog's Hand, Brothers in Arms, Burn Spellbooks, Renounce Religion


You were on level 11 of the Dungeon.
You worshipped Trog.
Trog was extremely pleased with you.
You were very hungry.

You visited 1 branch of the dungeon, and saw 11 of its levels.
You also visited: Ossuary and Bailey.

You collected 771 gold pieces.
You spent 225 gold pieces at shops.

Inventory:

Hand Weapons
 a - a +1 mace
 f - a +1 flail of holy wrath
 j - a +0 flail
 l - a +2 giant club (weapon)
 r - a +0 giant spiked club
Missiles
 J - 9 tomahawks (quivered)
Armour
 b - a +0 animal skin
 e - a +0 cloak (worn)
 i - a +1 hat (worn)
 M - the +1 gold dragon scales of Dooss (worn) {-Tele rPois rF+ rC+ Regen+ Str+2}
   (You found it in a bailey)

   It affects your strength (+2).
   It protects you from fire.
   It protects you from cold.
   It protects you from poison.
   It prevents most forms of teleportation.
   It increases your rate of regeneration.
Jewellery
 d - a cursed ring of loudness (right claw)
 o - a ring of protection from magic (left claw)
 H - an amulet of regeneration (around neck)
Wands
 s - a wand of flame (22/48)
 y - a wand of polymorph (9/24)
 z - a wand of confusion (14/48)
 F - a wand of flame (26/48)
 K - a wand of random effects (26/48)
 N - a wand of lightning (7/15)
Scrolls
 h - 7 scrolls of remove curse
 q - 5 scrolls of teleportation
 t - 5 scrolls of identify
 A - a scroll of recharging
 B - 4 scrolls of magic mapping
 C - 2 scrolls of fear
Potions
 g - 3 potions of brilliance
 n - 2 potions of haste
 p - 3 potions of cancellation
 v - 7 potions of curing
 w - 2 potions of cure mutation
 x - a potion of ambrosia
 D - a potion of resistance
 I - 2 potions of magic
Comestibles
 c - 10 bread rations
 k - 9 meat rations
 m - 4 royal jellies
 E - 15 fruits


   Skills:
 + Level 6.9 Fighting
 * Level 10.2 Maces & Flails
 + Level 6.8 Throwing
 + Level 4.5 Armour
 - Level 4.6 Dodging
 + Level 5.1 Evocations


You had 10 spell levels left.
You didn't know any spells.

Dungeon Overview and Level Annotations

Branches:
Dungeon (11/15)            Temple (0/1) D:6            Lair (0/6) D:8
    Orc (0/2) D:10

Altars:
Ashenzari
Kikubaaqudgha
Nemelex Xobeh
Qazlal
Uskayaw
Vehumet
Xom
Yredelemnul
Zin
The Shining One

Shops:
D:6 ?   D:7 :   D:8 =

Annotations:
D:7 exclusion: orange crystal statue
D:10 wand of digging for crypt
D:11 Snorg


Innate Abilities, Weirdness & Mutations

You are too large for most types of armour.
You have claws for hands.
Your metabolism is lightning-fast.
You like to eat raw meat.
Your natural rate of healing is unusually fast.
You are covered in fur. (AC +1)
You have very tough skin. (AC +2)
You are agile. (Dex +2)
You are resistant to hostile enchantments. (MR+)


Message History

* * * LOW HITPOINT WARNING * * *
You feel a strong urge to attack something.
You are no longer berserk.
You are exhausted.
You feel yourself slow down.
You feel much better. Snorg bites you but does no damage.
Snorg barely misses you. Snorg claws you. Snorg bites you but does no damage.
Snorg claws you!
* * * LOW HITPOINT WARNING * * *
Snorg claws you.
* * * LOW HITPOINT WARNING * * *
You feel yourself speed up. Snorg barely misses you.
Snorg claws you but does no damage. x2; Snorg bites you!
* * * LOW HITPOINT WARNING * * *
Snorg barely misses you. Snorg claws you but does no damage.
You are very lightly contaminated with residual magic.
Snorg bites you!
* * * LOW HITPOINT WARNING * * *
Snorg claws you!
You die...

##############
.(.(.....T@..#
###########.##
###.######.##
#<#.........#
#.#.#########
#.#.# #.#.#
#.#.# #...#


You could see Snorg (berserk).

Vanquished Creatures
  Erolcha (D:9)
  3 two-headed ogres
  2 orc knights (Bailey)
  The ghost of AlphabetPasta the Caller, a novice TrSu (D:5)
  A gargoyle (D:10)
  A tengu conjurer (D:10)
  2 trolls (D:10)
  Grinder (D:5)
  A hippogriff (D:10)
  Sigmund (D:5)
  A wyvern (D:9)
  2 hungry ghosts
  A water moccasin (D:10)
  Duvessa (D:5)
  9 orc warriors
  2 sky beasts
  3 ice beasts
  3 black bears
  6 ogres
  4 phantoms
  A centaur (D:10)
  The ghost of wearedevo the Slasher, an amateur DsGl (D:3)
  3 bullfrogs
  2 water moccasin zombies (Ossuary)
  Dowan (D:5)
  2 water moccasin skeletons
  A scorpion (D:4)
  6 killer bees (D:10)
  An electric eel (D:7)
  3 howler monkeys
  A jelly (D:9)
  A crimson imp (D:7)
  Crazy Yiuf (D:2)
  5 hounds
  4 orc priests
  4 bullfrog skeletons
  2 centaur skeletons
  2 iguanas
  Natasha (thrice) (D:2)
  10 orc wizards
  9 worker ants
  A killer bee zombie (D:9)
  4 big kobold zombies (Ossuary)
  A hound zombie (D:8)
  Robin (D:1)
  3 mummies
  3 gnolls (D:2)
  15 adders
  2 shadow imps
  A white imp (D:5)
  2 oozes (D:2)
  7 adder zombies
  An adder skeleton (D:5)
  4 worms
  3 dart slugs
  3 leopard geckos
  56 orcs
  A bat (D:1)
  6 giant cockroaches
  3 gnoll zombies (Ossuary)
  12 goblins
  13 hobgoblins
  6 jackals
  6 quokkas
  2 ball pythons
  5 frilled lizards
  2 goblin skeletons (D:5)
  A goblin zombie (D:4)
  7 hobgoblin zombies
  A jackal skeleton (D:4)
  10 kobolds
  A kobold skeleton (D:5)
  7 kobold zombies
  An orc skeleton (D:5)
  10 orc zombies
  10 rats
320 creatures vanquished.

Vanquished Creatures (others)
  An orc wizard (D:3)
  A rat (D:3)
2 creatures vanquished.

Grand Total: 322 creatures vanquished

Notes
Turn   | Place    | Note
-------+----------+-------------------------------------------
     0 | D:1      | AlphabetPasta the Troll Berserker began the quest for the Orb.
     0 | D:1      | Reached XP level 1. HP: 22/22 MP: 0/0
   258 | D:1      | Reached XP level 2. HP: 29/29 MP: 1/1
   583 | D:2      | Noticed Robin
   622 | D:1      | Reached skill level 3 in Maces & Flails
   650 | D:1      | Killed Robin
   650 | D:1      | Reached skill level 1 in Throwing
   650 | D:1      | Reached XP level 3. HP: 19/36 MP: 2/2
   709 | D:2      | Reached ** piety under Trog
   767 | D:2      | Noticed Natasha
   776 | D:2      | Killed Natasha
   776 | D:2      | Reached XP level 4. HP: 28/44 MP: 3/3
   893 | D:2      | Found a runed door.
   897 | D:2      | Noticed Crazy Yiuf
   909 | D:2      | Killed Crazy Yiuf
  1251 | D:2      | Reached XP level 5. HP: 46/53 MP: 4/4
  1357 | D:2      | Noticed Natasha
  1361 | D:2      | Killed Natasha
  1658 | D:2      | Reached skill level 4 in Maces & Flails
  1760 | D:2      | Noticed Natasha
  1773 | D:2      | Killed Natasha
  1773 | D:2      | Reached *** piety under Trog
  2233 | D:3      | Reached XP level 6. HP: 53/61 MP: 5/5
  2333 | D:3      | Found a stormy altar of Qazlal.
  2432 | D:3      | Noticed wearedevo's ghost (amateur DsGl)
  2447 | D:3      | Killed wearedevo's ghost
  2797 | D:3      | Found a basalt altar of Yredelemnul.
  2847 | D:3      | Reached XP level 7. HP: 67/67 MP: 6/6
  2907 | D:3      | Reached **** piety under Trog
  2907 | D:3      | Reached skill level 5 in Maces & Flails
  2907 | D:3      | Reached skill level 1 in Evocations
  3494 | D:4      | Found a sand-covered staircase.
  3499 | Ossuary  | Entered an ossuary
  3643 | Ossuary  | Received a gift from Trog
  3835 | D:4      | Found a hide-covered altar of Uskayaw.
  3934 | D:4      | Reached XP level 8. HP: 78/78 MP: 8/8
  4130 | D:4      | Reached ***** piety under Trog
  4799 | D:5      | Entered Level 5 of the Dungeon
  4829 | D:4      | Reached skill level 6 in Maces & Flails
  4907 | D:5      | Found a glowing golden altar of the Shining One.
  4930 | D:5      | Noticed Dowan
  4931 | D:5      | Noticed Duvessa
  4950 | D:5      | Killed Duvessa
  4960 | D:5      | Killed Dowan
  5009 | D:5      | Noticed AlphabetPasta's ghost (novice TrSu)
  5046 | D:5      | Killed AlphabetPasta's ghost
  5311 | D:5      | Reached XP level 9. HP: 66/87 MP: 10/10
  5447 | D:5      | Noticed Grinder
  5450 | D:5      | Killed Grinder
  5450 | D:5      | Reached skill level 5 in Fighting
  5450 | D:5      | Reached skill level 7 in Maces & Flails
  5655 | D:5      | Noticed Sigmund
  5692 | D:5      | Killed Sigmund
  5692 | D:5      | Reached skill level 1 in Armour
  5825 | D:6      | Found a staircase to the Ecumenical Temple.
  5833 | D:6      | Found Mulo Laoseext's Magic Scroll Emporium.
  5845 | D:6      | Bought a scroll of identify for 30 gold pieces
  5845 | D:6      | Bought a scroll of identify for 30 gold pieces
  5845 | D:6      | Bought a scroll of teleportation for 45 gold pieces
  5845 | D:6      | Bought a scroll of identify for 30 gold pieces
  5848 | D:6      | Gained mutation: You are agile. (Dex +2) [potion of beneficial mutation]
  5849 | D:6      | Gained mutation: You are resistant to hostile enchantments. (MR+) [potion of beneficial mutation]
  5850 | D:6      | Bought a scroll of identify for 30 gold pieces
  5850 | D:6      | Bought a scroll of identify for 30 gold pieces
  5850 | D:6      | Bought a scroll of identify for 30 gold pieces
  5953 | D:6      | Received a gift from Trog
  6146 | D:6      | Reached skill level 5 in Throwing
  6697 | D:7      | Reached skill level 8 in Maces & Flails
  6702 | D:7      | Found a radiant altar of Vehumet.
  6985 | D:7      | Found a glowing silver altar of Zin.
  7142 | D:7      | Reached XP level 10. HP: 86/98 MP: 11/11
  7423 | D:7      | Found Jykkov's Book Boutique.
  7621 | D:7      | Noticed an orange crystal statue
  7821 | D:8      | Noticed a two-headed ogre
  7830 | D:8      | Killed a two-headed ogre
  7866 | D:8      | Found a staircase to the Lair.
  8030 | D:8      | Noticed a two-headed ogre
  8039 | D:8      | Killed a two-headed ogre
  8123 | D:8      | Found Ehourch's Jewellery Emporium.
  8439 | D:9      | Found a shattered altar of Ashenzari.
  8453 | D:9      | Noticed a two-headed ogre
  8496 | D:9      | Killed a two-headed ogre
  8496 | D:9      | Reached skill level 9 in Maces & Flails
  8577 | D:9      | Found an ancient bone altar of Kikubaaqudgha.
  9029 | D:9      | Found a shimmering altar of Xom.
  9053 | D:9      | Noticed Erolcha
  9058 | D:9      | Killed Erolcha
  9109 | D:9      | Found a sparkling altar of Nemelex Xobeh.
  9340 | D:10     | Entered Level 10 of the Dungeon
  9358 | D:10     | Reached XP level 11. HP: 81/107 MP: 13/13
  9385 | D:10     | Found a flagged portal.
  9397 | Bailey   | Entered a bailey
  9628 | Bailey   | Noticed an orc knight
  9643 | Bailey   | Received a gift from Trog
  9644 | Bailey   | Killed an orc knight
  9662 | Bailey   | Noticed an orc knight
  9675 | Bailey   | Killed an orc knight
  9713 | Bailey   | Got dazzling gold dragon scales
  9717 | Bailey   | Got a pair of twisted boots
  9748 | Bailey   | Identified the +1 gold dragon scales of Dooss {-Tele rPois rF+ rC+ Regen+ Str+2} (You found it in a bailey)
  9895 | D:10     | Reached skill level 10 in Maces & Flails
 10052 | D:10     | Reached skill level 5 in Evocations
 10075 | D:10     | Found a staircase to the Orcish Mines.
 10729 | D:11     | Noticed Snorg
 10746 | D:11     | HP: 7/160 [Snorg (5)]
 10751 | D:11     | HP: 4/107 [Snorg (8)]
 10751 | D:11     | Slain by Snorg

Vault maps used:
D:1:      dpeg_arrival_arbitrary_a
D:2:      minmay_diamond_boxcup, uniq_natasha, uniq_crazy_yiuf_cottage,
          uniq_robin
D:3:      yredelemnul_altar_generic, grunt_qazlal_clouds
D:4:      minmay_opposing_rooms, overflow_temple_1_default,
          nicolae_ossuary_entry_giza, first_bread
D:5:      minmay_misc_feat_room, nicolae_tso_besieged_by_evil, uniq_grinder,
          uniq_sigmund, uniq_duvessa
D:6:      serial_shops, nicolae_shop_stone
D:7:      statuecave_lemuel, vehumet_crystals, zin_treasury, serial_shops,
          nicolae_shop_waterfront
D:8:      dpeg_oklobed_lair, serial_shops, nicolae_shop_stone
D:9:      marbit_many_paths, kennysheep_mini_moat, xom_butterflies, basic_altar,
          uniq_erolcha
D:10:     orc_0_dummy, enter_bailey_2, grunt_tengu_nest, evilmike_surprise_oklob
D:11:     led_sif_book, uniq_snorg
Ossuary:  ossuary_tomb_2
Bailey:   bailey_polearm_1, bailey

Skill      XL: |  1  2  3  4  5  6  7  8  9 10 11 |
---------------+----------------------------------+-----
Maces & Flails | 3 4 5 6 8 9 10 | 10.2
Throwing       | 1 2 3 4 5 6 |  6.8
Fighting       | 3 4 5 6 |  6.9
Dodging        | 3 4 |  4.6
Evocations     | 1 2 3 4 5 |  5.1
Armour         | 2 3 4 |  4.5

Action                   |  1- 3 |  4- 6 |  7- 9 | 10-12 || total
-------------------------+-------+-------+-------+-------++-------
Melee: Mace              |   101 |    76 |       |       ||   177
       Flail             |       |   160 |       |       ||   160
       Giant club        |       |    18 |   566 |   305 ||   889
Throw: Javelin           |       |       |    17 |    13 ||    30
       Tomahawk          |       |       |       |    13 ||    13
Invok: Berserk           |       |     3 |     7 |     3 ||    13
Evoke: Wand              |       |       |       |    27 ||    27
  Use: Scroll            |     8 |     7 |    14 |     9 ||    38
       Potion            |       |     3 |     8 |     4 ||    15
 Stab: Invisible         |       |     2 |       |       ||     2
       Paralysed         |       |       |       |     1 ||     1
  Eat: Chunk             |    13 |    23 |    48 |    33 ||   117
       Fruit             |       |       |       |     2 ||     2
Armor: Animal skin       |    42 |    80 |   188 |    76 ||   386
       Gold dragon scale |       |       |       |   123 ||   123
Dodge: Dodged            |    49 |   113 |   302 |   160 ||   624
